Map: Flashback CE

Players

BBTheDroid

  • Race: Terran Terran
  • Spawn Location: 7:00

Laxolix

  • Race: Terran Terran
  • Spawn Location: 7:00

Kaxolix

  • Race: Terran Terran
  • League: Gold
  • Spawn Location: 7:00

Ninepip

  • Race: Protoss Protoss
  • League: Platinum
  • Spawn Location: 11:00

Pushover

  • Race: Zerg Zerg
  • Spawn Location: 9:00

SwordOwl

  • Race: Terran Terran
  • League: Diamond
  • Spawn Location: 11:00

VOD

Have the link to the VOD?

Description

awdawdawdawd

Time

  • Played on: May 23, 2024, 9:11 p.m.
  • Length: 8:34
Show
View Real Time Build Order
Export as new Build Order

BBTheDroid Terran 

Build Orders:  

Get SALT Encoding   

  12  0:00  SCV  
  13  0:15  SCV  
  14  0:28  SCV, Supply Depot  
  15  1:02  Barracks  
  15  1:45  SCV  
  16  1:51  Refinery  
  16  1:57  SCV  
  17  2:09  SCV  
  17  2:15  Refinery  
  18  2:21  SCV  
  19  2:34  SCV  
  20  2:46  SCV  
  21  2:52  Marine  
  21  2:58  SCV  
  21  3:10  SCV, Marine  
  23  3:46  Command Center  
  23  3:59  Supply Depot  
  23  4:03  Supply Depot  
  23  4:19  Factory  
  23  4:21  SCV, Marine  
  23  4:22  Supply Depot  
  24  4:25  Supply Depot  
  24  4:33  SCV  
  23  4:39  Marine  
  23  4:45  SCV, Supply Depot  
  25  4:56  Marine  
  25  4:57  SCV  
  27  5:04  Factory Tech Lab  
  27  5:07  Supply Depot  
  27  5:09  SCV  
  28  5:14  Marine  
  29  5:57  SCV  
  30  6:02  Orbital Command  
  30  6:09  SCV  
  34  6:11  Siege Tank  
  34  6:21  SCV  
  29  6:33  SCV  
  30  6:43  Siege Tank  
  30  6:49  Barracks Reactor  
  30  6:53  Barracks Reactor  
  28  7:15  Siege Tank  
  19  7:47  Siege Tank  
Show
View Real Time Build Order
Export as new Build Order

Laxolix Terran 

Build Orders:  

Get SALT Encoding   

  12  0:02  SCV  
  13  0:23  Supply Depot  
  13  0:42  Supply Depot  
  13  0:49  Supply Depot  
  13  0:56  Barracks  
  13  1:33  Refinery  
  13  1:36  Refinery  
  13  1:41  SCV  
  14  1:53  SCV  
  15  2:05  SCV  
  16  2:09  Marine  
  17  2:18  SCV  
  18  2:27  Marine  
  19  2:41  Factory  
  19  2:45  Marine  
  20  3:02  Marine  
  21  3:20  Marine  
  22  3:38  Factory Tech Lab  
  22  3:56  Siege Tank  
  25  4:28  Siege Tank  
  23  5:01  Siege Tank  
  19  5:21  SCV  
  19  5:26  Marine  
  21  5:33  SCV, Siege Tank  
  25  5:44  Marine  
  25  5:45  SCV  
  27  5:58  SCV  
  27  6:01  Marine  
  29  6:05  Siege Tank  
  29  6:10  SCV  
  33  6:19  Marine  
  34  6:26  Starport  
  34  6:37  Marine  
  35  6:55  Marine  
  36  7:07  Liberator  
  35  7:24  Bunker  
Show
View Real Time Build Order
Export as new Build Order

Kaxolix Terran 

Build Orders:  

Get SALT Encoding   

  12  0:09  Supply Depot  
  12  0:23  SCV  
  14  0:35  SCV  
  14  0:37  Barracks  
  14  0:41  Refinery  
  14  1:09  SCV  
  15  1:19  Barracks  
  15  1:22  Supply Depot  
  15  1:29  Barracks Reactor  
  15  1:35  SCV  
  16  1:47  SCV  
  16  1:49  Supply Depot  
  17  1:59  SCV  
  18  2:10  Barracks Tech Lab  
  18  2:11  SCV, Marine x2  
  21  2:21  Supply Depot  
  23  2:32  SCV  
  23  2:34  Combat Shield  
  23  2:45  Orbital Command  
  23  2:46  Marine x3  
  25  3:32  Marine x2  
  27  3:35  Supply Depot  
  27  3:47  Factory  
  27  3:48  Command Center  
  27  3:49  Marine x2  
  29  3:57  Supply Depot  
  29  4:54  Supply Depot  
  29  4:55  Factory Tech Lab  
  29  5:13  Starport  
  29  5:33  Marine x2  
  29  5:35  Siege Tank  
  34  5:36  Marauder  
  36  5:50  Marine x2  
  36  5:51  Medivac  
  40  5:58  Marauder  
  40  6:01  SCV  
  40  6:02  SCV  
  44  6:07  Siege Tank  
  47  6:13  SCV  
  47  6:14  SCV  
  49  6:25  SCV  
  42  6:26  SCV  
  31  6:39  SCV  
  26  6:51  SCV  
  23  6:56  Medivac  
  23  6:59  Marine  
  23  7:00  Marine  
  26  7:08  Marauder  
  27  7:17  Marine x2  
  29  7:25  Siege Tank  
  29  7:29  Marauder  
  34  7:35  Marine  
  35  7:50  Marauder  
Show
View Real Time Build Order
Export as new Build Order

Ninepip Protoss 

Build Orders: 1 Gate Expand 

Get SALT Encoding   

  12  0:00  Probe  
  13  0:12  Probe  
  14  0:18  Pylon  
  14  0:25  Probe  
  15  0:38  Probe (Chrono Boost), Gateway  
  16  0:49  Probe (Chrono Boost)  
  17  0:54  Probe (Chrono Boost), Assimilator  
  18  1:15  Probe  
  19  1:24  Nexus  
  19  1:28  Probe  
  20  1:34  Assimilator  
  20  1:40  Cybernetics Core  
  20  1:44  Probe  
  21  1:50  Pylon  
  21  1:56  Probe  
  22  2:08  Probe  
  23  2:16  Adept  
  23  2:20  Probe  
  26  2:29  Forge  
  26  2:36  Probe (Chrono Boost)  
  28  2:37  Probe (Chrono Boost)  
  28  2:43  Stargate  
  28  2:45  Probe (Chrono Boost)  
  28  2:49  Adept  
  31  2:52  Probe  
  31  2:53  Probe  
  33  3:00  Protoss Air Weapons Level 1  
  33  3:02  Assimilator  
  33  3:05  Probe  
  34  3:11  Probe  
  35  3:17  Probe  
  36  3:23  Probe  
  37  3:29  Probe  
  38  3:35  Probe  
  38  3:38  Void Ray (Chrono Boost)  
  38  3:41  Stargate  
  43  3:45  Probe  
  43  3:48  Probe  
  45  3:49  Assimilator  
  45  3:57  Probe  
  46  4:03  Pylon  
  46  4:21  Probe  
  51  5:05  Pylon, Void Ray  
  51  5:06  Pylon  
  51  5:07  Pylon  
  51  5:15  Probe x2  
  53  5:27  Probe  
  56  5:29  Void Ray  
  56  5:33  Probe  
  55  5:40  Probe  
  56  5:44  Fleet Beacon  
  56  5:48  Probe  
  61  5:50  Void Ray  
  61  5:52  Probe  
  62  5:59  Nexus  
  62  6:00  Probe  
  62  6:01  Pylon  
  62  6:04  Probe, Pylon  
  64  6:06  Pylon  
  64  6:08  Pylon  
  64  6:09  Pylon  
  64  6:41  Pylon  
  72  6:48  Stargate  
  72  6:49  Void Ray x2 (Chrono Boost)  
  72  6:50  Stargate  
  72  7:14  Flux Vanes  
  72  7:18  Stargate  
  84  7:40  Void Ray x3  
  88  7:48  Void Ray  
Show
View Real Time Build Order
Export as new Build Order

Pushover Zerg 

Build Orders: Hatch First 

Get SALT Encoding   

  12  0:00  Drone  
  13  0:08  Drone  
  14  0:19  Overlord  
  14  0:22  Extractor  
  14  0:25  Extractor  
  14  0:26  Drone  
  13  0:30  Drone  
  16  0:40  Drone  
  17  0:45  Drone  
  18  0:54  Drone  
  19  1:04  Extractor, Hatchery  
  19  1:05  Drone  
  18  1:16  Drone  
  19  1:30  Drone  
  20  1:32  Spawning Pool  
  20  1:37  Overlord  
  19  2:19  Metabolic Boost  
  19  2:20  Queen  
  19  2:21  Queen  
  19  2:22  Zergling x4  
  25  2:23  Zergling x2, Drone  
  27  2:36  Drone  
  28  2:37  Drone  
  28  2:38  Drone  
  30  2:44  Drone  
  30  2:50  Drone  
  32  3:02  Drone x2  
  34  3:13  Overlord, Drone  
  35  3:22  Hatchery  
  34  3:35  Drone  
  34  3:36  Drone x7  
  34  3:38  Overlord  
  42  3:49  Hatchery  
  42  3:51  Queen  
  43  4:00  Zergling x2  
  43  4:01  Zergling x4  
  43  4:02  Zergling x2  
  47  4:11  Evolution Chamber  
  47  4:12  Evolution Chamber  
  47  4:15  Lair  
  45  4:20  Baneling Nest  
  44  4:37  Drone x6  
  44  4:38  Drone  
  51  4:39  Drone x2  
  51  4:40  Overlord, Drone x3  
  51  4:43  Queen  
  58  4:58  Zerg Melee Weapons Level 1  
  58  4:59  Zerg Ground Armor Level 1  
  58  5:04  Drone x4  
  58  5:05  Zergling x6  
  65  5:24  Zergling x2  
  65  5:25  Zergling x12, Overlord  
  65  5:26  Overlord x3  
  72  5:30  Extractor  
  72  5:31  Extractor  
  72  5:34  Extractor  
  69  5:37  Extractor  
  68  5:43  Zergling x4  
  68  5:44  Zergling x16  
  78  5:56  Drone x5  
  78  5:57  Overlord, Drone x2  
  84  5:58  Drone x2  
  87  6:06  Baneling x11  
  87  6:13  Zergling x6  
  87  6:14  Zergling x10  
  87  6:29  Zergling x6  
  87  6:30  Zergling x16  
  97  6:38  Zergling x12  
  103  6:59  Zergling x12  
  103  7:00  Zergling x4  
  108  7:01  Baneling x4  
  108  7:02  Baneling x8  
  108  7:03  Baneling  
  108  7:20  Zergling x2  
  108  7:21  Zergling x4, Overlord x5  
  108  7:22  Overlord x5  
  111  7:24  Overlord  
  111  7:41  Baneling x5  
  111  7:42  Baneling x3  
  102  8:11  Zergling x6  
  102  8:12  Zergling x32  
Show
View Real Time Build Order
Export as new Build Order

SwordOwl Terran 

Build Orders: Gas First Reaper Expand 

Get SALT Encoding   

  12  0:01  SCV  
  13  0:13  SCV  
  14  0:25  SCV  
  15  0:29  Supply Depot  
  15  0:34  Refinery  
  15  0:54  Barracks  
  15  0:57  SCV  
  16  1:09  SCV  
  17  1:21  SCV  
  18  1:33  SCV  
  19  1:41  Reaper  
  20  1:49  Command Center  
  20  1:54  Orbital Command  
  20  2:14  Factory  
  20  2:18  Supply Depot  
  20  2:23  SCV  
  21  2:31  Barracks Reactor  
  21  2:33  Refinery  
  21  2:36  SCV  
  22  2:48  SCV  
  23  3:02  Barracks  
  22  3:06  Factory Tech Lab  
  22  3:08  Marine x2  
  22  3:10  Orbital Command  
  24  3:13  SCV  
  24  3:14  Refinery  
  25  3:23  Engineering Bay  
  25  3:26  SCV  
  26  3:30  Marine  
  27  3:38  SCV, Siege Tank  
  31  3:50  Supply Depot  
  31  3:52  Supply Depot  
  31  3:53  Barracks Tech Lab  
  31  3:59  Missile Turret  
  31  4:08  Starport  
  31  4:09  Marine  
  32  4:11  SCV  
  33  4:24  Siege Tank  
  33  4:28  Terran Infantry Weapons Level 1  
  33  4:29  Stimpack  
  36  4:40  SCV  
  36  4:41  SCV  
  36  4:45  Starport Reactor  
  38  4:46  Marine  
  39  4:52  SCV  
  39  4:53  SCV  
  39  4:57  Missile Turret  
  41  5:03  Siege Tank  
  41  5:04  Marine  
  41  5:05  SCV x2  
  47  5:09  Refinery  
  47  5:24  Missile Turret  
  47  5:27  SCV  
  47  5:28  SCV  
  49  5:40  SCV x2  
  51  5:45  Medivac x2  
  55  5:52  SCV x2  
  55  5:56  Marine  
  55  5:57  Marine x2  
  58  6:02  Supply Depot  
  58  6:03  Supply Depot  
  58  6:04  SCV x2  
  61  6:08  Combat Shield  
  61  6:16  SCV  
  62  6:24  Siege Tank  
  65  6:30  Missile Turret  
  65  6:41  Marine x3  
  68  6:59  Marine x3  
  71  7:08  Liberator, Siege Tank  
  77  7:17  Marine  
  78  7:23  Supply Depot  
  78  7:24  Supply Depot x2  
  78  7:25  Supply Depot  
  78  7:44  Marine x3  
  78  7:45  Liberator  
  84  7:58  Siege Tank  
  87  8:02  Marine x3  
Tags
 
Add a new tag
Caveats
  • Supply blocks, unpowered buildings, or Contaminate may cause inaccurate times.
  • Supply counts are checked every 10 seconds.